AoeStats
← 17_Neo_

Arabia

507985440Analyzed
1v1 RM · 12d ago on Sep 20, 2026· 45m 39s· 2 players
Game mode
Random Map
Map size
Tiny (2 player)
Population
200
Speed
Normal
Resources
Standard
Victory
Conquest
Starting age
Dark Age
Ending age
Imperial Age
RankedLock teamsTeams togetherTeam positionsShared explorationLock speedFull tech treeHidden civsTurbo modeCheats
Victory
Defeat
🇨🇭 Magyars · Switzerland
1707
+14
🇨🇴 Maya · Colombia
1665
-14
17_Neo_
0:27 Loom
9:17 Feudal Age
9:48 Double-Bit Axe
10:01 Horse Collar
12:07 Wheelbarrow
20:50 Castle Age
19:29 Fletching
19:48 Padded Archer Armor
20:54 Crossbowman
21:30 Bodkin Arrow
22:02 Thumb Ring
23:07 Ballistics
23:13 Leather Archer Armor
26:35 Elite Skirmisher
27:31 Town Watch
37:27 Bow Saw
37:48 Heavy Plow
41:14 Imperial Age
39:16 Squires
38:58 Pikeman
40:48 Scale Mail Armor
40:58 Forging
41:18 Halberdier
42:07 Bracer
43:34 Iron Casting
44:19 Ring Archer Armor
44:05 Chain Mail Armor
Jiav
6:14 Loom
9:05 Feudal Age
9:50 Double-Bit Axe
13:57 Horse Collar
19:20 Castle Age
17:45 Fletching
17:55 Padded Archer Armor
18:27 Padded Archer Armor
19:26 Gold Mining
20:22 Bodkin Arrow
21:36 Heavy Plow
25:05 Leather Archer Armor
26:37 Husbandry
27:04 Bow Saw
28:33 Wheelbarrow
29:03 Ballistics
29:14 Thumb Ring
30:59 Bloodlines
33:04 Scale Barding Armor
39:41 Imperial Age
38:17 Coinage
38:10 Chain Barding Armor
39:14 Hand Cart
38:51 Stone Mining
39:03 Light Cavalry
39:38 Town Watch
39:57 Cavalier
41:21 Parthian Tactics
40:59 Bracer
41:29 Ring Archer Armor
43:36 Two-Man Saw
43:13 Gold Shaft Mining
43:09 Crop Rotation
42:37 Heavy Cavalry Archer
43:54 Onager
45:13 Hussar
Connection lost

Rejoining the realm…

Still unreachable

The connection could not be restored.

Session expired

The server has moved on; the page needs a fresh start.